 Dungeon Crawl Stone Soup version 0.18-a0-1685-g4482fe3 (webtiles) character file.

140 inmateoo the Ruffian (level 5, -2/47 HPs)
             Began as a Ghoul Monk on Apr 5, 2016.
             Killed from afar by an orc wizard (5 damage)
             ... with a puff of flame
             ... on level 4 of the Dungeon.
             The game lasted 00:03:21 (2190 turns).

inmateoo the Ruffian (Ghoul Monk)                   Turns: 2190, Time: 00:03:22

Health: -2/47      AC: 10    Str: 21    XL:     5   Next: 22%
Magic:  13/13      EV:  6    Int:  5    God:
Gold:   203        SH:  0    Dex: 11    Spells: 0 memorised, 4 levels left

rFire  . . .     SeeInvis .       - Unarmed
rCold  + . .     Gourm    .     j - +0 plate armour
rNeg   + + +     Faith    .     (no shield)
rPois  ∞         Spirit   .     (no helmet)
rElec  .         Dismiss  .     (no cloak)
rCorr  +         Reflect  .     (no gloves)
SustAt .         Harm     .     (no boots)
MR     .....                    (no amulet)
Stlth  ..........               m - ring of resist corrosion
                                h - ring of magical power

@: confused, mighty, very slightly contaminated, rotting, not resistant to
hostile enchantments, extremely unstealthy
A: rotting body, claws 1, carnivore 3, cold resistance 1, negative energy
resistance 3, slow regeneration 1, torment resistance, unbreathing
a: no special abilities


You were on level 4 of the Dungeon.
You were hungry.

You visited 1 branch of the dungeon, and saw 4 of its levels.

You collected 203 gold pieces.

Inventory:

Hand Weapons
 p - a +0 blowgun
Missiles
 q - 38 poisoned needles
Armour
 j - a +0 plate armour (worn)
Jewellery
 h - a ring of magical power (left claw)
 m - a ring of resist corrosion (right claw)
Scrolls
 a - 2 scrolls of teleportation {unknown}
 e - a scroll of immolation {unknown}
 f - a scroll of blinking {unknown}
 g - 5 scrolls of identify {unknown}
 l - a scroll of random uselessness {unknown}
 n - a scroll of recharging {unknown}
 t - a scroll of fear {unknown}
 v - a scroll of enchant weapon {unknown}
Potions
 d - a potion of might
 i - a potion of cure mutation
Books
 r - Vehumet's Grimoire of Conjuration
   (You found it on level 3 of the Dungeon)

   Spells                             Type                      Level
   a - Magic Dart                     Conjuration                  1
Comestibles
 b - 2 meat rations
 c - 2 slices of pizza


   Skills:
 + Level 4.3 Fighting
 + Level 1.8 Armour
 - Level 2.6 Dodging
 - Level 2.1 Stealth
 * Level 5.7 Unarmed Combat


You had 4 spell levels left.
You didn't know any spells.

Dungeon Overview and Level Annotations

Branches:
Dungeon (4/15)
 Temple: D:4-7

Altars:
Kikubaaqudgha
Okawaru
Sif Muna
Vehumet
Yredelemnul

Annotations:
D:3 F1L1N's ghost, amateur FoFi


Innate Abilities, Weirdness & Mutations

Your body is rotting away.
You thrive on raw meat.
You are immune to poison.
You have sharp fingernails.
You are carnivorous and can eat meat at any time.
Your flesh is cold resistant.
You are immune to negative energy.
You regenerate slowly when monsters are visible.
You are immune to unholy pain and torment.
You can survive without breathing.


Message History

The orc wizard casts a spell at you. The puff of frost hits you!
The orc priest hits you but does no damage.
You hear some strange, mumbled words.
A magic dart appears from out of thin air!
The magic dart hits you!
* * * LOW HITPOINT WARNING * * *
The orc wizard hits you but does no damage. x2
Something hits you but does no damage.
Unknown command.
You barely miss the orc wizard.
The orc wizard is lightly wounded.
The orc wizard hits you but does no damage.
The orc priest invokes the aid of Beogh against you.
Beogh smites you!
* * * LOW HITPOINT WARNING * * *
You hear some strange, mumbled words.
A puff of flame appears from out of thin air!
The puff of flame hits you!
You die...

## ..### #..... #......
##)oo..# #.## #..## #.{o#
##o@## ##..# #..## ### ####
##..####.# ##..## #(..##.##
##....## ##......##
##..#...####...####.##
#####...###...#..........##
..##...## #...............#


You could see an orc priest and an orc wizard.

Vanquished Creatures
  2 orc priests (D:4)
  An orc wizard (D:4)
  4 worms
  A dart slug (D:1)
  2 orcs (D:4)
  A ball python (D:2)
  6 goblins
  2 hobgoblins (D:1)
  4 kobolds
  6 bats
  6 giant newts
  8 rats
43 creatures vanquished.

Vanquished Creatures (others)
  An orc (D:4)
  A giant cockroach (D:2)
  A hobgoblin (D:2)
3 creatures vanquished.

Grand Total: 46 creatures vanquished

Notes
Turn   | Place    | Note
--------------------------------------------------------------
     0 | D:1      | inmateoo the Ghoul Monk began the quest for the Orb.
     0 | D:1      | Reached XP level 1. HP: 19/19 MP: 0/0
   131 | D:1      | Reached XP level 2. HP: 25/26 MP: 1/1
   788 | D:2      | Reached XP level 3. HP: 30/33 MP: 2/2
   865 | D:2      | Found an iron altar of Okawaru.
  1214 | D:2      | Reached skill level 1 in Armour
  1586 | D:3      | Reached skill level 5 in Unarmed Combat
  1692 | D:3      | Found a radiant altar of Vehumet.
  1695 | D:3      | Identified Vehumet's Grimoire of Conjuration
  1697 | D:3      | Found an ancient bone altar of Kikubaaqudgha.
  1698 | D:3      | Found a deep blue altar of Sif Muna.
  1901 | D:3      | Noticed F1L1N's ghost (amateur FoFi)
  2049 | D:4      | Found a basalt altar of Yredelemnul.
  2111 | D:4      | Reached XP level 4. HP: 33/40 MP: 3/3
  2122 | D:4      | Reached XP level 5. HP: 27/47 MP: 4/4
  2190 | D:4      | Killed from afar by an orc wizard

Vault maps used:
D:1:      lemuel_arrival_hallway, minivault_11, st_stairs_3
D:2:      okawaru_metal_pillars_3, lemuel_old_faithful
D:3:      grunt_temple_overflow_magic_moments, first_bread
D:4:      old_standard_altar, uniq_pikel

Skill      XL: |  1  2  3 |
---------------+----------+-----
Fighting       | 4 |  4.3
Armour         | 1 |  1.8
Unarmed Combat | 5 |  5.7
Dodging        | |  2.6
Stealth        | |  2.1

Action                   |  1- 3 |  4- 6 || total
-------------------------+-------+-------++-------
Melee: Unarmed           |   134 |    17 ||   151
  Use: Potion            |     2 |     4 ||     6
 Stab: Sleeping          |     2 |       ||     2
  Eat: Chunk             |     4 |       ||     4
